[Event "Odensemesterskabet 2017-IM 2"]
[Site "Odense"]
[Date "2017.10.14"]
[Round "3"]
[White "Nielsen, Viktor Haarmark"]
[Black "Pedersen, Steffen"]
[Result "1/2-1/2"]
[ECO "C84"]
[WhiteElo "2302"]
[BlackElo "2368"]
[Annotator "NA"]
[PlyCount "31"]
[EventDate "2017.??.??"]
[EventCountry "DEN"]
[SourceTitle "playchess.com"]
[Source "ChessBase"]
[SourceQuality "1"]
[TimeControl "40/5400+30:1800+30"]

1. e4 e5 2. Nf3 Nc6 3. Bb5 a6 4. Ba4 Nf6 5. O-O Be7 6. d3 b5 7. Bb3 O-O 8. a4 b4 9. a5 d6 10. Nbd2 Be6 11. Nc4 Nd7 12. Be3 Bf6 13. c3 bxc3 14. bxc3 Re8 15. Nfd2 Nf8 16. Ba4 1/2-1/2

[Event "Odensemesterskabet 2017-IM 2"]
[Site "Odense"]
[Date "2017.10.14"]
[Round "3"]
[White "Rostgaard, Tobias Valentin"]
[Black "Olsen, Filip Boe"]
[Result "1-0"]
[ECO "B13"]
[WhiteElo "2297"]
[BlackElo "2266"]
[Annotator "NA"]
[PlyCount "83"]
[EventDate "2017.??.??"]
[EventCountry "DEN"]
[SourceTitle "playchess.com"]
[Source "ChessBase"]
[SourceQuality "1"]
[TimeControl "40/5400+30:1800+30"]

1. e4 c6 2. d4 d5 3. exd5 cxd5 4. c4 Nf6 5. Nc3 Nc6 6. Nf3 Bg4 7. cxd5 Nxd5 8. Qb3 Bxf3 9. gxf3 e6 10. Qxb7 Nxd4 11. Bb5+ Nxb5 12. Qc6+ Ke7 13. Qc5+ Nd6 14. Nxd5+ exd5 15. Qxd5 Rb8 16. Bf4 Qd7 17. O-O Rb6 18. Rfe1+ Kd8 19. Rad1 h6 20. Qa8+ Qc8 21. Qxa7 Qc7 22. Re8+ Kd7 23. Qa8 Ra6 24. Qxa6 Kxe8 25. Bxd6 Bxd6 26. Qxd6 Qxd6 27. Rxd6 Ke7 28. Rb6 Ra8 29. a3 h5 30. Kg2 g6 31. Kg3 Ra4 32. Rb4 Ra5 33. a4 Kd6 34. b3 Rg5+ 35. Kf4 Rf5+ 36. Ke3 Kc6 37. Rf4 Re5+ 38. Kd3 f5 39. Rc4+ Kb6 40. Kd2 g5 41. Rb4+ Kc6 42. Rb5 {Kd5} 1-0